 Dungeon Crawl Stone Soup version 0.29-a0-8-g0446c0dae4 (webtiles) character file.

Game seed: 8942143215022439592

2261 belegose the Thaumaturge (level 9, -2/61 HPs)
             Began as a Mummy Fire Elementalist on Jan 27, 2022.
             Was an Initiate of Ashenzari.
             Slain by a wolf (7 damage)
             ... led by Grum
             ... on level 7 of the Dungeon.
             The game lasted 00:24:42 (9510 turns).

belegose the Thaumaturge (Mummy Fire Elementalist)  Turns: 9510, Time: 00:24:42

Health: -2/61      AC:  6    Str: 13    XL:     9   Next: 15%
Magic:  19/21      EV: 12    Int: 17    God:    Ashenzari [......]
Gold:   268        SH:  0    Dex: 18    Spells: 20/24 levels left

rFire   . . .      SeeInvis .   a - +2 falchion (elec)
rCold   + . .      Faith    .   (no shield)
rNeg    + + +      Spirit   .   F - +0 leather armour {rF+}
rPois   ∞          Reflect  .   (no helmet)
rElec   .          Harm     .   A - +1 cloak {rCorr}
rCorr   +          Rampage  .   i - +0 pair of gloves
Will    +....                   (no boots)
Stlth   ++........              (no amulet)
HPRegen 0.20/turn               s - +6 ring of dexterity
MPRegen 0.17/turn               (no ring)

@: no status effects
A: cold resistance 1, negative energy resistance 3, torment resistance 2, heat
vulnerability 1, no potions
a: Renounce Religion, Curse Item


You were on level 7 of the Dungeon.
You worshipped Ashenzari.
Ashenzari was noncommittal.
You visited 2 branches of the dungeon, and saw 9 of its levels.

You collected 268 gold pieces.

Inventory:

Hand Weapons
 a - a +2 falchion of electrocution (weapon)
 b - a +0 hunting sling
 t - a +4 trident of freezing
 w - a +3 dagger of electrocution
 z - a +2 quarterstaff of chaos
Missiles
 e - 229 stones (quivered)
 o - 3 boomerangs
 r - 9 sling bullets
 D - 2 poisoned darts
 H - 4 javelins
Armour
 i - a +0 pair of gloves (worn)
 A - a +1 cloak of preservation (worn)
 F - a +0 leather armour of fire resistance (worn)
Jewellery
 s - a +6 ring of dexterity (left hand)
 E - the amulet "Honk" {RegenMP Regen+ rCorr Int-2 SInv}
   (You found it on level 5 of the Dungeon)

   [amulet of magic regeneration]

   It increases your rate of magic regeneration.
   Int:       It affects your intelligence (-2).
   SInv:      It lets you see invisible.
   Regen:     It increases your rate of health regeneration.
   rCorr:     It protects you from acid and corrosion.
 G - a +4 ring of protection
Wands
 x - a wand of acid (7)
 y - a wand of flame (9)
 B - a wand of mindburst (16)
 C - a wand of iceblast (8)
Scrolls
 c - a scroll of vulnerability {unknown}
 d - 2 scrolls of fog {unknown}
 f - a scroll of blinking {unknown}
 g - 2 scrolls of acquirement {unknown}
 h - 4 scrolls of identify {unknown}
 j - 4 scrolls of enchant weapon {unknown}
 k - a scroll of amnesia {unknown}
 l - 2 scrolls of enchant armour {unknown}
 m - a scroll of noise {unknown}
 n - 2 scrolls of holy word {unknown}
 p - 3 scrolls of fear {unknown}
 q - 2 scrolls of immolation {unknown}
 u - a scroll of teleportation {unknown}
 v - 2 scrolls of brand weapon {unknown}
 I - a scroll of magic mapping {unknown}


   Skills:
 - Level 1.8 Fighting
 - Level 0.6(1.9) Short Blades
 - Level 2.9(3.0) Long Blades
 - Level 1.5 Dodging
 - Level 1.5 Stealth
 + Level 8.2 Spellcasting
 + Level 5.4 Conjurations
 + Level 5.9 Fire Magic


You had 20 spell levels left.
You knew the following spells:

 Your Spells              Type           Power      Damage    Failure   Level
a - Foxfire               Conj/Fire      100%       2x1d9     1%          1
b - Conjure Flame         Conj/Fire      26%        6-21      3%          3

Your spell library contained the following spells:

 Spells                   Type           Power      Damage    Failure   Level
 Scorch                   Fire           54%        2d7       1%          2
 Inner Flame              Hex/Fire       17%        N/A       12%         3
 Flame Wave               Conj/Fire      26%        2d7       12%         4
 Animate Skeleton         Necr           14%        N/A       13%         1
 Apportation              Tloc           14%        N/A       13%         1
 Summon Small Mammal      Summ           28%        N/A       13%         1
 Irradiate                Conj/Tmut      8%         3d16      75%         5
 Alistair's Intoxication  Tmut/Pois      4%         N/A       98%         5
 Borgnjor's Vile Clutch   Necr/Erth      3%         N/A       98%         5
 Eringya's Noxious Bog    Tmut/Pois      3%         N/A       100%        6
 Summon Hydra             Summ           3%         N/A       100%        7
 Sublimation of Blood     Necr           Unusable   N/A       N/A         2
 Wereblood                Tmut           Unusable   N/A       N/A         2
 Blade Hands              Tmut           Unusable   N/A       N/A         5
 Dragon Form              Tmut           Unusable   N/A       N/A         7

Dungeon Overview and Level Annotations

Branches:
Dungeon (8/15)             Temple (1/1) D:7
   Lair: D:8-11

Altars:
Ashenzari
Cheibriados
Dithmenos
Fedhas
Gozag
Qazlal
Ru
Vehumet
Wu Jian
Xom
Yredelemnul
Zin

Shops:
D:6 *

Annotations:
D:4 exclusion: two-headed ogre
D:8 Grum


Innate Abilities, Weirdness & Mutations

You are immune to poison.
Your flesh is cold resistant. (rC+)
You are immune to negative energy. (rN+++)
You are immune to unholy pain and torment.
You are vulnerable to heat. (rF-)
You do not drink.


Message History

The wolf bites you. The wolf closely misses you. The wolf barely misses you.
The wolf bites you. The wolf barely misses you. The wolf bites you.
Grum points his finger and shouts, "Spot!
Sic 'em!"
A wolf comes into view.
The wolf bites you. The wolf bites you. The wolf barely misses you.
The wolf bites you. The wolf bites you!
There is an escape hatch in the ceiling here.
The wolf bites you. The wolf completely misses you.
A mysterious force pulls you upwards. The hatch slams shut behind you.
Unknown command.
You barely miss the wolf. The wolf bites you but does no damage.
The wolf closely misses you.
Casting: Conjure Flame (dangerous; 3% risk of failure)
Confirm with . or Enter, or press ? or * to list all spells.
You conjure some foxfire!
The wolf misses you. The wolf bites you!
* * * LOW HITPOINT WARNING * * *
Casting: Foxfire (safe; 1% risk of failure)
Confirm with . or Enter, or press ? or * to list all spells.
You conjure some foxfire!
The foxfire hits the wolf.
The wolf is lightly wounded.
The foxfire hits the wolf.
The wolf is moderately wounded.
The wolf bites you!
* * * LOW HITPOINT WARNING * * *
You barely miss the wolf.
The wolf is moderately wounded.
The foxfire hits the wolf.
The wolf is heavily wounded.
The foxfire hits the wolf!
The wolf is severely wounded.
The wolf bites you.
* * * LOW HITPOINT WARNING * * *
The wolf bites you!
You die...

# ##..[...#....#####..........##
###..........#....##...........##
#...#####...........#............
..###...###..........#......#....
.##.#!_.#.##.........##....######
.#..#...#..#..........##..##
##..##'##..##.........##..#
#...........#.........##..#
##..........#..h@.....##..#
##..............<....###..#
...................[## #..#
...................## #..#
....##.............## #..##
....####....###.....####...#
...## ##..................## ...#
#...................## ..##
#....................#


You could see a wolf.

Vanquished Creatures
  A wyvern (D:5)
  Menkaure (D:7)
  2 water moccasins
  A sky beast (D:6)
  A black bear (D:6)
  3 ice beasts
  An ogre (D:4)
  3 phantoms
  A wyvern zombie (D:6)
  A bullfrog (D:7)
  2 scorpions (D:4)
  A water moccasin skeleton (D:5)
  A centaur zombie (D:7)
  A bullfrog zombie (D:6)
  3 hounds
  3 orc priests
  A jelly (D:7)
  A bullfrog skeleton (D:7)
  Crazy Yiuf (D:4)
  A centaur skeleton (D:6)
  3 iguanas
  5 orc wizards
  Ijyb (D:4)
  4 adders
  3 worms
  3 dart slugs
  25 orcs
  6 ball pythons
  5 bats
  5 endoplasms
  A giant cockroach (D:2)
  4 goblins
  7 hobgoblins
  2 jackals (D:4)
  4 kobolds
  4 quokkas
  A frilled lizard (D:1)
  5 rats
118 creatures vanquished.

Vanquished Creatures (others)
  324 foxfires
324 creatures vanquished.

Grand Total: 442 creatures vanquished

Notes
Turn   | Place    | Note
-------+----------+-------------------------------------------
     0 | D:1      | belegose the Mummy Fire Elementalist began the quest for
                  | the Orb.
     0 | D:1      | Reached XP level 1. HP: 13/13 MP: 4/4
   175 | D:1      | Reached skill level 1 in Conjurations
   314 | D:1      | Found a faded altar of an unknown god.
   318 | D:1      | Reached skill level 3 in Spellcasting
   318 | D:1      | Reached XP level 2. HP: 17/20 MP: 4/6
  1052 | D:1      | Reached skill level 1 in Fighting
  1675 | D:1      | Reached XP level 3. HP: 17/26 MP: 4/7
  2461 | D:2      | Reached XP level 4. HP: 32/32 MP: 9/9
  3151 | D:3      | Noticed a black bear
  3173 | D:2      | Learned a level 3 spell: Conjure Flame
  3889 | D:4      | Identified the +1 leather armour "Ostra" {Stlth+}
  3931 | D:4      | Found a snail-covered altar of Cheibriados.
  3988 | D:4      | Noticed a two-headed ogre
  3997 | D:4      | Noticed Ijyb
  4125 | D:4      | Found a radiant altar of Vehumet.
  4125 | D:4      | Identified the +2 ring mail "Iguttad" {Rampage rC+ rN+
                  | Int-4}
  4200 | D:4      | Reached XP level 5. HP: 33/38 MP: 6/10
  4257 | D:4      | Reached skill level 4 in Spellcasting
  4691 | D:4      | Killed Ijyb
  4883 | D:4      | Reached skill level 1 in Long Blades
  4883 | D:4      | Reached XP level 6. HP: 43/44 MP: 12/12
  4933 | D:4      | Found a runed translucent door.
  4934 | D:4      | Noticed Crazy Yiuf
  5429 | D:4      | Killed Crazy Yiuf
  5483 | D:5      | Entered Level 5 of the Dungeon
  5655 | D:5      | Reached skill level 5 in Spellcasting
  5839 | D:5      | Reached XP level 7. HP: 43/49 MP: 14/14
  6133 | D:5      | Identified the amulet "Honk" {RegenMP Regen+ rCorr Int-2
                  | SInv}
  6389 | D:5      | Noticed a wyvern
  6395 | D:5      | Killed a wyvern
  6396 | D:5      | Reached skill level 6 in Spellcasting
  6595 | D:6      | Found Feecliap's Assorted Antiques.
  6683 | D:6      | Reached XP level 8. HP: 55/56 MP: 12/17
  7305 | D:6      | Reached skill level 5 in Fire Magic
  7433 | D:6      | Reached skill level 7 in Spellcasting
  7758 | D:6      | Identified the +2 leather armour "Tanun" {Drain *Slow
                  | Int+7}
  8163 | D:6      | Found a basalt altar of Yredelemnul.
  8373 | D:7      | Reached skill level 5 in Conjurations
  8430 | D:7      | Found a broken altar of Ashenzari.
  8434 | D:7      | Became a worshipper of Ashenzari the Shackled
  8452 | D:7      | Noticed Menkaure
  8475 | D:7      | Killed Menkaure
  8476 | D:7      | Reached XP level 9. HP: 61/61 MP: 15/20
  8564 | D:7      | Reached skill level 8 in Spellcasting
  8991 | D:7      | Found a staircase to the Ecumenical Temple.
  9310 | Temple   | Entered the Ecumenical Temple
  9489 | D:8      | Noticed Grum
  9510 | D:7      | Slain by a wolf

Illustrated notes

Levels and vault maps discovered:
D:1:      mrwooster_arrival_statue_3, layout_loops_corners,
          basic_ecumenical_altar, minmay_misc_feat_tiny, fountainhead
D:2:      layout_rooms
D:3:      layout_basic, hangedman_decor_points,
          nicolae_concentric_dashed_squares_mild, nicolae_figureground_pulse
D:4:      layout_loops_ring, general_overflow_altar,
          mainiacjoe_overflow_alcove_1, minivault_14, uniq_crazy_yiuf_cottage,
          uniq_ijyb
D:5:      layout_basic
D:6:      layout_loops_corners, marbit_many_paths, serial_shops,
          nicolae_shop_hallway_stairs
D:7:      layout_layer_cave, nicolae_ashenzari_skybound,
          minmay_temple_entry_ruins, uniq_menkaure
D:8:      layout_loops_ring, gammafunk_temple_overflow_elements,
          gammafunk_ghost_stat_death, uniq_grum, uniq_pikel
Temple:   nicolae_temple_x_marks_the_god

Skill      XL: |  1  2  3  4  5  6  7  8  9 |
---------------+----------------------------+-----
Conjurations   | 1 2 3 5 |  5.4
Spellcasting   | 3 4 5 6 7 8 |  8.2
Fighting       | 1 |  1.8
Fire Magic     | 3 4 5 |  5.9
Long Blades    | 1 2 |  2.9
Short Blades   | |  0.6
Dodging        | |  1.5
Stealth        | |  1.5

Action                   |  1- 3 |  4- 6 |  7- 9 || total
-------------------------+-------+-------+-------++-------
Melee: Short sword       |    44 |    13 |       ||    57
       Punch             |     1 |       |       ||     1
       Dagger            |       |    19 |     3 ||    22
       Falchion          |       |    34 |    79 ||   113
 Fire: Hunting sling     |       |       |    16 ||    16
Throw: Stone             |     2 |     1 |       ||     3
 Cast: Foxfire           |    44 |    53 |    81 ||   178
       Conjure Flame     |       |     1 |    10 ||    11
Evoke: Wand              |       |       |     2 ||     2
 Stab: Sleeping          |     2 |     4 |       ||     6
Armor: Robe              |     8 |     3 |       ||    11
       Leather armour    |       |    10 |    28 ||    38
Dodge: Dodged            |    42 |    39 |    58 ||   139

Table legend: (Time is in decaauts)
 A = Elapsed time spent in this place.
 B = Non-inter-level travel time spent in this place.
 C = Inter-level travel time spent in this place.
 D = Time resting spent in this place.
 E = Time spent auto-exploring this place.
 F = Levels seen in this place.
 G = Mean time per level.
                   A        B        C        D        E       F      G
               +--------+--------+--------+--------+--------+-----+--------+
         Total |   9548 |   9033 |    515 |   2151 |   5114 |   9 | 1060.9 |
       Dungeon |   9546 |   9031 |    515 |   2151 |   5114 |   8 | 1193.2 |
        Temple |      1 |      1 |      0 |      0 |      0 |   1 |    1.0 |
               +--------+--------+--------+--------+--------+-----+--------+

Top non-repeatable levels by time:
     D:4: 1685 daAuts
     D:1: 1671 daAuts
     D:6: 1661 daAuts
     D:2: 1224 daAuts
     D:7: 1136 daAuts
     D:5: 1036 daAuts
     D:3: 1003 daAuts
     D:8: 126 daAuts
  Temple: 1 daAuts
